 Dungeon Crawl Stone Soup version 0.24.0-2-g5b39cebb1c (webtiles) character file.

Game seed: 18441818774005832831, levelgen mode: deterministic

882 inmateoo the Fighter (level 7, -12/63 HPs)
             Began as a Mummy Wanderer on Oct 30, 2019.
             Mangled by an ogre
             ... wielding a +0 giant spiked club
              (16 damage)
             ... on level 6 of the Dungeon.
             The game lasted 00:05:40 (6713 turns).

inmateoo the Fighter (Mummy Wanderer)               Turns: 6713, Time: 00:05:41

Health: -12/63     AC:  9    Str: 18    XL:     7   Next: 76%
Magic:  9/9        EV:  6    Int: 11    God:
Gold:   248        SH:  0    Dex: 11    Spells: 7/8 levels left

rFire    x . .     SeeInvis .   a - +1 short sword
rCold    + . .     Gourm    .   (no shield)
rNeg     + + +     Faith    .   h - +0 chain mail
rPois    ∞         Spirit   .   (no helmet)
rElec    .         Reflect  .   (no cloak)
rCorr    .         Harm     .   f - +0 pair of gloves
MR       .....                  g - -1 pair of boots (curse)
Stlth    ..........             (no amulet)
HPRegen  0.20/turn              (no ring)
MPRegen  0.11/turn              (no ring)

@: no status effects
A: no food or potions, fire vulnerability, cold resistance 1, negative energy
resistance 3, torment resistance, unbreathing
a: no special abilities


You were on level 6 of the Dungeon.
You were not hungry.

You visited 1 branch of the dungeon, and saw 6 of its levels.

You collected 248 gold pieces.

Inventory:

Hand Weapons
 a - a +1 short sword (weapon)
 b - a +0 dagger
Armour
 f - a +0 pair of gloves (worn)
 g - a cursed -1 pair of boots (worn)
 h - a +0 chain mail (worn)
Magical Staves
 k - an uncursed staff of death
Wands
 l - a wand of digging (2)
Scrolls
 c - 2 scrolls of teleportation
 d - 6 scrolls of identify
 e - a scroll of fog
 j - a scroll of amnesia
 m - a scroll of magic mapping {unknown}
 n - a scroll of remove curse
 o - a scroll of torment {unknown}


   Skills:
 + Level 8.9 Fighting
   Level 1.5 Axes
 - Level 1.0 Stealth
 - Level 1.3 Spellcasting
   Level 1.7 Hexes
 - Level 1.5 Summonings
 - Level 1.0 Evocations


You had 7 spell levels left.
You knew the following spells:

 Your Spells              Type           Power        Failure   Level  Hunger
a - Summon Small Mammal   Summ           #...         95%         1    N/A

Your spell library contained the following spells:

 Spells                   Type           Power        Failure   Level  Hunger
 Confusing Touch          Hex            #.....       94%         1    N/A
 Corona                   Hex            #......      94%         1    N/A
 Ensorcelled Hibernation  Hex/Ice        #.....       99%         2    N/A
 Confuse                  Hex            #.......     100%        3    N/A
 Dazzling Spray           Conj/Hex       #.....       100%        3    N/A
 Gell's Gravitas          Tloc           #.........   100%        3    N/A
 Summon Guardian Golem    Hex/Summ       #.......     100%        3    N/A
 Tukima's Dance           Hex            #.......     100%        3    N/A
 Petrify                  Tmut/Erth      #.......     100%        4    N/A
 Metabolic Englaciation   Hex/Ice        #.........   100%        5    N/A
 Yara's Violent Unravell  Hex/Tmut       #.........   100%        5    N/A

Dungeon Overview and Level Annotations

Branches:
Dungeon (6/15)
 Temple: D:4-7

Altars:
Hepliaklqana

Shops:
D:4 %


Innate Abilities, Weirdness & Mutations

You do not eat or drink.
Your flesh is vulnerable to fire.
You are immune to poison.
Your flesh is cold resistant. (rC+)
You are immune to negative energy. (rN+++)
You are immune to unholy pain and torment.
You can survive without breathing.


Message History

You hit the ogre.
The ogre is heavily wounded.
The ogre barely misses you.
You are too injured to fight recklessly!
You hit the ogre.
The ogre is heavily wounded.
You are too injured to fight recklessly!
You hit the ogre.
The ogre is heavily wounded.
The ogre hits you with a +0 giant spiked club.
You hit the ogre.
The ogre is heavily wounded.
The ogre hits you with a +0 giant spiked club!
* * * LOW HITPOINT WARNING * * *
You are too injured to fight recklessly!
You hit the ogre.
The ogre is severely wounded.
A hound comes into view.
The ogre hits you with a +0 giant spiked club!
You die...

##.######### #.#
#.#........# #.#
##.#######.# #.#
#.# #.# #.# ####.#
#.#########.#######
.....#
#..................
.#####
#####.############.
.# #.# ## #@# #O#
#####J# #...h.##
#.###..#
#........%.#
#..##.####.# #. .#
. #


You could see an ogre, a hound (wandering) and a jelly.

Vanquished Creatures
  A hungry ghost (D:5)
  A sky beast (D:6)
  A scorpion (D:4)
  2 electric eels (D:3)
  A crimson imp (D:6)
  A centaur zombie (D:4)
  A hound (D:4)
  An orc wizard (D:5)
  3 orc priests (D:5)
  An iguana (D:5)
  2 worker ants (D:4)
  A howler monkey zombie (D:5)
  11 adders
  3 gnolls
  3 oozes (D:1)
  A worm (D:3)
  3 dart slugs (D:2)
  3 leopard geckos
  16 orcs
  2 ball pythons
  3 giant cockroaches
  11 goblins
  4 hobgoblins (D:1)
  5 jackals
  4 bats
  9 frilled lizards
  6 kobolds
  A leopard gecko zombie (D:5)
  A quokka skeleton (D:4)
  3 rats
105 creatures vanquished.

Vanquished Creatures (collateral kills)
  A kobold (D:1)
1 creature vanquished.

Grand Total: 106 creatures vanquished

Notes
Turn   | Place    | Note
-------+----------+-------------------------------------------
     0 | D:1      | inmateoo the Mummy Wanderer began the quest for the Orb.
     0 | D:1      | inmateoo set off with the following items: a +0 club, a
                  | scroll of teleportation, a +0 robe; and the following
                  | spells available to memorise: Corona, Summon Small Mammal,
                  | Ensorcelled Hibernation, Confuse, Tukima's Dance, Summon
                  | Guardian Golem, Dazzling Spray
     0 | D:1      | Reached XP level 1. HP: 15/15 MP: 2/2
   557 | D:1      | Learned a level 1 spell: Summon Small Mammal
   638 | D:1      | Reached skill level 2 in Fighting
   794 | D:1      | Reached XP level 2. HP: 20/22 MP: 4/4
  1672 | D:1      | Reached skill level 3 in Fighting
  1732 | D:1      | Reached XP level 3. HP: 25/29 MP: 5/5
  2612 | D:2      | Reached skill level 4 in Fighting
  2612 | D:2      | Reached XP level 4. HP: 26/37 MP: 6/6
  3332 | D:3      | Found a transporter.
  3341 | D:3      | Found a faded altar of an unknown god.
  3351 | D:3      | Reached skill level 5 in Fighting
  3351 | D:3      | Reached XP level 5. HP: 31/44 MP: 7/7
  3505 | D:3      | Found a transporter.
  4399 | D:4      | Reached skill level 6 in Fighting
  4508 | D:4      | Reached XP level 6. HP: 43/52 MP: 8/8
  4541 | D:4      | Found Ucuar's Food Shoppe.
  4986 | D:4      | Found a hazy altar of Hepliaklqana.
  5116 | D:4      | Reached skill level 7 in Fighting
  5361 | D:5      | Entered Level 5 of the Dungeon
  5761 | D:5      | Noticed a hungry ghost
  5805 | D:5      | Killed a hungry ghost
  5805 | D:5      | Reached XP level 7. HP: 53/61 MP: 9/9
  6044 | D:5      | Reached skill level 8 in Fighting
  6713 | D:6      | Mangled by an ogre

Levels and vault maps discovered:
D:1:      onia_arrival_mini_spirals, layout_basic, st_stairs_4
D:2:      layout_rooms
D:3:      gammafunk_steamed_eel, layout_basic, chequers_ecumenical_altar_simple
D:4:      layout_cave_pools, lemuel_coloured_pillars_altar, serial_shops,
          kennysheep_mini_moat, minmay_misc_feat_alley
D:5:      layout_cave_pools, first_ration
D:6:      minmay_thinvault, layout_loops_ring,
          minmay_temple_entry_enclosed_plants

Skill      XL: |  1  2  3  4  5  6  7 |
---------------+----------------------+-----
Fighting       | 2 3 4 5 6 7 8 |  8.9
Axes           | |  1.5
Stealth        | |  1.0
Spellcasting   | |  1.3
Hexes          | |  1.7
Summonings     | |  1.5
Evocations     | |  1.0

Action                   |  1- 3 |  4- 6 |  7- 9 || total
-------------------------+-------+-------+-------++-------
Melee: Club              |    25 |       |       ||    25
       Dagger            |    42 |       |       ||    42
       Short sword       |    97 |   382 |   105 ||   584
       Staff             |       |    25 |       ||    25
 Cast: Summon Small Mamm |     5 |       |       ||     5
Evoke: Wand              |       |     5 |    22 ||    27
  Use: Scroll            |     3 |     4 |       ||     7
 Stab: Sleeping          |     3 |       |       ||     3
Armor: Robe              |    14 |       |       ||    14
       Chain mail        |    42 |   317 |    64 ||   423
Dodge: Dodged            |    71 |   190 |    31 ||   292
